aa

Match 40874077
End
Panzerpioneer Squad
250 Light Carrier
Selects Armored Support Battlegroup
250 Light Carrier
Construct Light Support Kompanie
Panzergrenadier Squad
Fire Support Elements
Panzergrenadier Squad
2.5-tonne Medical Truck
Combat Half-tracks
Veteran Squad Leaders
Selects Vehicle Awareness
Selects Vehicle Awareness
Construct Panzerarmee Kommand
Panzerjäger Mechanized Group
Panzer III L Medium Tank
Selects Panzer Storm
Vehicle Survival Package
Panzer III L Medium Tank
Panzer III L Medium Tank
Emergency Repair Kits
Tungsten Core Ammunition
Armored Reserves
Selects Stuka Dive Bomb
Panzer IV Assault Group
Rapid Advance
Stuka Dive Bomb
Walking Stuka Rocket Launcher
StuG Assault Group
Stuka Dive Bomb
Selects Veteran Gunners
Selects Flammpanzer III Medium Tank
Selects Battlefield Salvage
Pak 38 Anti-tank Gun Team
Flak 36 Anti-tank Gun Team
Panzer IV Assault Group
Panzer Storm
Battlefield Salvage
Flak 36 Anti-tank Gun Team
Assault Grenadier Squad
Assault Grenadier Squad
Walking Stuka Rocket Launcher
Panzergrenadier Squad
Stuka Dive Bomb
2.5-tonne Medical Truck
长安天子,魏博牙兵
rpadi
MERKAVA
stylishcorn
Greymatter
LightKazi
0
0

Comments sign in to comment!

No comments posted yet!